 Seeded DCSS version 0.26.1-11-gd32895ea62 (webtiles) character file.

Game seed: 1413878173790438993 (custom seed)

143 Patoropollo the Ducker (level 5, -1/25 HPs)
             Began as a Felid Fighter on June 1, 2021.
             Was a Follower of Uskayaw.
             Slain by a phantom (4 damage)
             ... on level 4 of the Dungeon.
             The game lasted 00:03:28 (2779 turns).

Patoropollo the Ducker (Felid Fighter)              Turns: 2779, Time: 00:03:28

Health: -1/25      AC:  1    Str: 13    XL:     5   Next: 4%
Magic:  6/6        EV: 21    Int: 10    God:    Uskayaw [*.....]
Gold:   157        SH:  0    Dex: 15    Spells: 4/4 levels left
                                        Lives:  0   Deaths: 1

rFire    . . .     SeeInvis +     - Unarmed
rCold    . . .     Faith    .   (shield unavailable)
rNeg     . . .     Spirit   .   (armour unavailable)
rPois    .         Reflect  .   (helmet unavailable)
rElec    .         Harm     .   (cloak unavailable)
rCorr    .         Rampage  .   (gloves unavailable)
Will     .....                  (boots unavailable)
Stlth    ++........             (no amulet)
HPRegen  0.08/turn              (no ring)
MPRegen  0.10/turn              (no ring)

@: quick
A: very small, no armour, no weapons or thrown items, stealth, claws 1, fangs 3,
see invisible, speed 1, shaggy fur 1, sharp paws
a: Renounce Religion, Stomp


You were on level 4 of the Dungeon.
You worshipped Uskayaw.
Uskayaw was noncommittal.
You visited 1 branch of the dungeon, and saw 4 of its levels.

You collected 157 gold pieces.

Inventory:

Jewellery
 i - an uncursed ring of stealth {unknown}
Scrolls
 b - a scroll of enchant armour {unknown}
 c - 2 scrolls of immolation {unknown}
 e - 6 scrolls of identify {unknown}
 f - a scroll of blinking {unknown}
 j - a scroll of teleportation {unknown}
Potions
 a - 2 potions of might
 d - a potion of ambrosia {unknown}
 g - a potion of attraction {unknown}
 h - a potion of degeneration {unknown}


   Skills:
 + Level 4.3 Fighting
 + Level 5.7 Dodging
 + Level 5.1 Unarmed Combat


You had 4 spell levels left.
You didn't know any spells.
Your spell library was empty.

Dungeon Overview and Level Annotations

Branches:
Dungeon (3/15)

Altars:
Fedhas
Hepliaklqana
Kikubaaqudgha
Nemelex Xobeh
Ru
Uskayaw
Xom


Innate Abilities, Weirdness & Mutations

You cannot wear armour.
You are incapable of wielding weapons or throwing items.
Your paws allow you to move quietly. (Stealth)
You have sharp claws.
You have razor-sharp teeth.
You have supernaturally acute eyesight. (SInv)
You cover ground quickly.
You are covered in fur. (AC +1)
Your sharp claws are effective at attacking unaware monsters.


Message History

You are too injured to fight recklessly!
You are too injured to fight recklessly!
You are too injured to fight recklessly!
You scratch the phantom.
The phantom is lightly damaged.
The phantom blinks!
The adder skeleton completely misses you.
The adder skeleton barely misses you.
Found 17 stones and a scroll labelled PUD ET WAERHA.
Found a sparkling altar of Nemelex Xobeh.
You scratch the adder skeleton but do no damage.
The adder skeleton is severely damaged.
The adder skeleton bites you.
* * * LOW HITPOINT WARNING * * *
You can no longer pass through a line of other dancers.
You claw the adder skeleton!
You destroy the adder skeleton!
The phantom blinks!
The phantom hits you.
You die...

...... ##....######
#........... ?..
#.....).#.## # . ..#
#<.....#...##.# ..
..###.............
............PP....?(
(......#....PP..#.
.....#.#.@W.†))###P.
#....#...P.........P
#...................
##........##.._..##.
_......§.../#.......#
.⌠..........#########
......?...#...)....
..........#........
..................#


You could see a phantom.

Vanquished Creatures
  An ogre (D:4)
  A centaur skeleton (D:4)
  An adder (D:4)
  An ooze (D:1)
  An adder skeleton (D:4)
  3 worms
  3 orcs
  A giant cockroach (D:2)
  7 goblins
  7 hobgoblins
  2 jackals (D:1)
  2 quokkas (D:2)
  2 ball pythons (D:1)
  8 bats
  A frilled lizard (D:1)
  3 kobolds
  A quokka skeleton (D:4)
  8 rats
53 creatures vanquished.

Notes
Turn   | Place    | Note
-------+----------+-------------------------------------------
     0 | D:1      | Patoropollo the Felid Fighter began the quest for the Orb.
     0 | D:1      | Reached XP level 1. HP: 10/10 MP: 2/2
   413 | D:1      | Reached XP level 2. HP: 14/14 MP: 3/3
  1119 | D:2      | Noticed a +0 dagger
  1119 | D:2      | Noticed a +0 hand axe
  1122 | D:2      | Found a hide-covered altar of Uskayaw.
  1168 | D:2      | Became a worshipper of Uskayaw the Reveller
  1194 | D:2      | Reached * piety under Uskayaw
  1238 | D:2      | Reached ** piety under Uskayaw
  1239 | D:2      | Reached XP level 3. HP: 17/17 MP: 4/4
  1631 | D:2      | Found a blossoming altar of Fedhas.
  1632 | D:2      | Found a shimmering altar of Xom.
  1865 | D:2      | Found a hazy altar of Hepliaklqana.
  1873 | D:2      | Found a sacrificial altar of Ru.
  2499 | D:3      | Reached skill level 5 in Dodging
  2507 | D:3      | You fall into a shaft and drop 1 floor!
  2512 | D:4      | Reached XP level 4. HP: 12/22 MP: 5/5
  2646 | D:4      | Noticed a phantom
  2678 | D:4      | Slain by a phantom
  2679 | D:4      | Reached XP level 3. HP: -2/18 MP: 4/4
  2679 | D:4      | Found an ancient bone altar of Kikubaaqudgha.
  2679 | D:4      | Noticed an ogre
  2681 | D:4      | Reached *** piety under Uskayaw
  2684 | D:4      | Reached **** piety under Uskayaw
  2686 | D:4      | Killed an ogre
  2687 | D:4      | Reached skill level 5 in Unarmed Combat
  2687 | D:4      | Reached XP level 4. HP: 22/22 MP: 5/5
  2689 | D:4      | Reached XP level 5. HP: 25/25 MP: 6/6
  2755 | D:4      | Noticed a phantom
  2775 | D:4      | Found a sparkling altar of Nemelex Xobeh.
  2779 | D:4      | Slain by a phantom

Illustrated notes

Levels and vault maps discovered:
D:1:      co_arrival_random_square_maze, layout_basic
D:2:      layout_loops_ring, dancing_weapons_uskayaw,
          amethyst_overflow_temple_binary, gammafunk_temple_overflow_pools
D:3:      layout_basic, vehumet_crystals
D:4:      layout_cave_pools, nemelex_xobeh_ov_fountains_minmay,
          kiku_gazebo_garden_becter, tgw_sif, grunt_temple_overflow_open,
          grunt_ministairs_3, uniq_robin, uniq_ijyb

Skill      XL: |  1  2  3 |
---------------+----------+-----
Dodging        | 5 |  5.7
Fighting       | 4 |  4.3
Unarmed Combat | 5 |  5.1

Action                   |  1- 3 |  4- 6 || total
-------------------------+-------+-------++-------
Melee: Unarmed           |   121 |    38 ||   159
       Bite              |    13 |     2 ||    15
       Punch             |     5 |       ||     5
 Stab: Sleeping          |     6 |       ||     6
       Paralysed         |     1 |       ||     1
Armor: Skin              |     3 |       ||     3
Dodge: Dodged            |    92 |    33 ||   125
